Quebec Nordiques vs Los Angeles Kings
Created - Monday, September 29, 2025 at 07:20
Goals
|
| Quebec Nordiques |
1 |
4 |
2 |
7 |
| Los Angeles Kings |
1 |
0 |
0 |
1 |
|
Shots
|
| Quebec Nordiques |
14 |
15 |
7 |
36 |
| Los Angeles Kings |
9 |
8 |
10 |
27 |
|
1st period
1. Los Angeles Kings , Evander Kane 6 (Mikey Eyssimont 3, K'Andre Miller 10) at 4:56
2. Quebec Nordiques , Michael McCarron 4 (Shane Pinto 12) at 18:44
Penalties :
Nikita Zadorov (QUE) for Hooking (Minor) at 10:53, Evander Kane (LAK) for Fighting (Major) at 13:24, Nikita Zadorov (QUE) for Fighting (Major) at 13:24, Michael McCarron (QUE) for Cross-checking (Minor) at 15:00
2nd period
3. Quebec Nordiques , Nikolaj Ehlers 16 (Shane Pinto 13) at 0:30
4. Quebec Nordiques , Alex DeBrincat 21 (Brock Faber 15, Rickard Rakell 21) at 2:36
5. Quebec Nordiques , Will Smith 7 (Nikolaj Ehlers 19, Connor McDavid 37) at 4:08
6. Quebec Nordiques , Alex Vlasic 2 (Alex DeBrincat 18, Connor McDavid 38) at 6:50 (PP)
Penalties :
Andrei Svechnikov (LAK) for Hooking (Minor) at 6:34, Rickard Rakell (QUE) for Roughing (Minor) at 13:11, Andrei Svechnikov (LAK) for Tripping (Minor) at 16:28
3rd period
7. Quebec Nordiques , Rickard Rakell 15 (Connor McDavid 39, Alex DeBrincat 19) at 7:59
8. Quebec Nordiques , Michael Anderson 1 (Rickard Rakell 22, Connor McDavid 40) at 19:24 (PP)
Penalties :
Seth Jarvis (LAK) for Fighting (Major) at 0:05, Michael Anderson (QUE) for Fighting (Major) at 0:05, Morgan Geekie (LAK) for Fighting (Major) at 0:50, Jake Middleton (QUE) for Fighting (Major) at 0:50, MacKenzie Weegar (LAK) for Fighting (Major) at 3:15, Marco Rossi (QUE) for Fighting (Major) at 3:15, MacKenzie Weegar (LAK) for instigated a fight (Minor) at 3:15, MacKenzie Weegar (LAK) for instigated a fight (10 Minutes Misconduct) at 3:15, Alex Vlasic (QUE) for Tripping (Minor) at 5:41, Morgan Geekie (LAK) for Fighting (Major) at 13:51, Nikita Zadorov (QUE) for Fighting (Major) at 13:51, Nikita Zadorov (QUE) for instigated a fight (Minor) at 13:51, Nikita Zadorov (QUE) for instigated a fight (10 Minutes Misconduct) at 13:51, Andrei Svechnikov (LAK) for Holding (Minor) at 17:47
Goalie Stats
Joseph Woll (QUE), 26 saves from 27 shots - (0.963), W, 21-11-1, 60:00 minutes
Carl Lindbom (LAK), 29 saves from 36 shots - (0.806), L, 5-9-4, 60:00 minutes
Players Stats for Quebec Nordiques
Player Name G A P +/- PIM S H SB GA TA FO MP PP MP PK MP
------------------------------------------------------------------------------------
Alex DeBrincat 1 2 3 2 0 4 0 0 0 0 1/1 16:57 2:45 0:23
Alex Vlasic 1 0 1 3 2 2 1 2 1 0 0/0 26:24 3:54 3:16
Alexandre Carrier 0 0 0 0 0 0 0 0 0 1 0/0 20:19 1:57 5:48
Brock Faber 0 1 1 4 0 1 1 3 1 2 0/0 26:09 4:16 2:01
Connor Brown 0 0 0 1 0 1 1 0 0 0 0/0 12:23 0:00 4:41
Connor McDavid 0 4 4 2 0 2 0 0 3 2 15/30 16:39 2:45 0:18
Frederick Gaudreau 0 0 0 0 0 1 2 0 2 0 0/0 10:15 0:00 4:24
Jake Middleton 0 0 0 0 5 0 1 0 0 2 0/0 14:51 0:00 2:55
Marco Rossi 0 0 0 0 5 1 0 0 0 0 12/18 13:25 2:08 0:00
Matt Duchene 0 0 0 0 0 2 0 1 2 0 1/1 14:46 3:06 0:00
Matthew Knies 0 0 0 0 0 4 3 0 1 0 2/3 16:23 3:06 1:15
Michael Anderson 1 0 1 0 5 1 0 0 0 1 0/0 18:14 1:08 4:07
Michael McCarron 1 0 1 1 2 2 1 0 0 0 2/2 11:26 0:00 3:45
Nikita Zadorov 0 0 0 1 24 4 1 2 0 2 0/0 14:20 0:27 1:55
Nikolaj Ehlers 1 1 2 1 0 5 5 1 0 0 1/1 11:57 0:39 0:00
Rickard Rakell 1 2 3 2 2 2 0 0 0 0 2/4 16:33 2:45 0:00
Shane Pinto 0 2 2 2 0 0 3 0 0 0 8/17 17:52 0:00 5:04
Will Smith 1 0 1 1 0 4 0 0 0 0 0/1 11:15 0:19 0:00
Players Stats for Los Angeles Kings
Player Name G A P +/- PIM S H SB GA TA FO MP PP MP PK MP
------------------------------------------------------------------------------------
Alexander Romanov 0 0 0 -1 0 1 0 0 0 0 0/0 21:04 5:04 0:38
Andrei Kuzmenko 0 0 0 -2 0 3 1 0 1 0 2/5 17:29 4:54 1:25
Andrei Svechnikov 0 0 0 -1 6 1 0 1 0 0 0/0 19:20 5:04 0:46
Charlie McAvoy 0 0 0 -2 0 1 0 0 0 1 0/0 15:50 0:00 0:23
Cooper Marody 0 0 0 -1 0 1 2 0 0 0 0/0 8:51 0:03 0:00
Evander Kane 1 0 1 0 5 2 2 0 0 0 0/0 7:06 0:03 0:07
Jansen Harkins 0 0 0 -3 0 2 3 0 0 0 8/17 13:57 1:11 0:00
Joseph Veleno 0 0 0 0 0 1 2 0 0 1 11/19 13:26 0:00 0:58
K'Andre Miller 0 1 1 -1 0 2 3 3 0 4 0/0 24:40 4:51 4:04
Logan Cooley 0 0 0 0 0 7 0 0 4 0 4/7 21:18 4:58 3:17
MacKenzie Weegar 0 0 0 0 17 1 0 2 0 1 0/0 17:47 3:05 2:19
Matthew Boldy 0 0 0 -1 0 2 2 0 0 1 0/1 20:50 4:57 3:13
Mikey Eyssimont 0 1 1 -1 0 0 3 0 1 0 1/4 8:44 0:00 0:00
Morgan Geekie 0 0 0 0 10 3 1 0 2 0 1/3 15:12 3:44 0:30
Owen Power 0 0 0 -2 0 0 0 0 0 2 0/0 18:31 1:46 2:54
Ryan Suter 0 0 0 -2 0 0 2 0 0 0 0/0 22:07 5:04 1:24
Seth Jarvis 0 0 0 -1 5 0 2 1 2 0 7/22 18:11 4:51 2:00
Vitali Kravtsov 0 0 0 -2 0 0 0 0 0 0 0/0 10:12 0:00 0:00
3 Stars
1 - Alex DeBrincat (QUE)
2 - Connor McDavid (QUE)
3 - Nikolaj Ehlers (QUE)
Power Play
Quebec Nordiques - 2 on 4 Attempt(s) - 50.00%
Los Angeles Kings - 0 on 5 Attempt(s) - 0.00%
Penalty Kill
Quebec Nordiques - 5 on 5 Attempt(s) - 100.00%
- Score 0 goal in Penalty Kill
Los Angeles Kings - 2 on 4 Attempt(s) - 50.00%
- Score 0 goal in Penalty Kill
Team Stat
Quebec Nordiques - Hits : 19 - Faceoff Wins : 44 - Blocked Shots : 9 - Penalty Minutes : 45
Los Angeles Kings - Hits : 23 - Faceoff Wins : 34 - Blocked Shots : 7 - Penalty Minutes : 43
Official
Referees : Morgan Macphee and Dan O'Rourke
Linesman : Justin Johnson and Joseph Mahon
Game Notes
Nikita Zadorov beats up Evander Kane at 13:24 of 1st period
Seth Jarvis and Michael Anderson fight to a draw at 0:05 of 3rd period
Jake Middleton beats up Morgan Geekie at 0:50 of 3rd period
MacKenzie Weegar beats up Marco Rossi at 3:15 of 3rd period
12:50 of 3rd period - Quebec Nordiques goal is going for a video replay. After video review, No Goal. The puck has been directed, batted or thrown into the net by an attacking player other than with a stick.
Morgan Geekie and Nikita Zadorov fight to a draw at 13:51 of 3rd period
Finance
Level 1 -- Attendance: 5283 (88.05%) -- Ticket Income $475,470
Level 2 -- Attendance: 4977 (99.54%) -- Ticket Income $248,850
Level 3 -- Attendance: 2890 (96.33%) -- Ticket Income $86,700
Level 4 -- Attendance: 5000 (100.00%) -- Ticket Income $100,000
Luxury Box -- Attendance: 988 (98.80%) -- Ticket Income $187,720
Game was played at the Staples Center.
Total Attendance: 19138 (95.69%)
Total Ticket Income: $1,098,740
Other Income: $384,559
Total Income: $1,483,299
Quebec Nordiques
5 vs 5 Forward
Center Left Wing Right Wing Time % Phy DF OF
1 Connor McDavid Alex DeBrincat Rickard Rakell 30 1 1 3
2 Marco Rossi Matthew Knies Matt Duchene 30 1 1 3
3 Shane Pinto Will Smith Nikolaj Ehlers 25 1 1 3
4 Michael McCarron Frederick Gaudreau Connor Brown 15 1 3 1
5 vs 5 Defense
Defense Defense Time % Phy DF OF
1 Alex Vlasic Brock Faber 30 1 2 2
2 Nikita Zadorov Michael Anderson 30 1 2 2
3 Jake Middleton Alexandre Carrier 25 1 2 2
4 Brock Faber Alex Vlasic 15 1 2 2
PowerPlay Forward
Center Left Wing Right Wing Time % Phy DF OF
1 Connor McDavid Alex DeBrincat Rickard Rakell 60 1 0 4
2 Marco Rossi Matthew Knies Matt Duchene 40 1 0 4
PowerPlay Defense
Defense Defense Time % Phy DF OF
1 Brock Faber Alex Vlasic 60 1 2 2
2 Alexandre Carrier Michael Anderson 40 1 2 2
Penalty Kill 4 Players Forward
Center Wing Time % Phy DF OF
1 Shane Pinto Frederick Gaudreau 50 2 3 0
2 Michael McCarron Connor Brown 50 2 3 0
Penalty Kill 4 Players Defense
Defense Defense Time % Phy DF OF
1 Alex Vlasic Michael Anderson 50 2 3 0
2 Alexandre Carrier Nikita Zadorov 50 2 3 0
Penalty Kill - 3 Players Forward
Forward Time % Phy DF OF
1 Shane Pinto 50 1 2 2
2 Michael McCarron 50 1 2 2
Penalty Kill - 3 Players Defense
Defense Defense Time % Phy DF OF
1 Alex Vlasic Michael Anderson 50 1 2 2
2 Alexandre Carrier Nikita Zadorov 50 1 2 2
4 vs 4 Forward
Center Wing Time % Phy DF OF
1 Connor McDavid Matt Duchene 50 1 1 3
2 Marco Rossi Alex DeBrincat 50 1 1 3
4 vs 4 Defense
Defense Defense Time % Phy DF OF
1 Alex Vlasic Brock Faber 50 1 2 2
2 Nikita Zadorov Michael Anderson 50 1 2 2
Last Minutes Offensive
Center Left Wing Right Wing Defense Defense
Connor McDavid Matt Duchene Alex DeBrincat Alex Vlasic Brock Faber
Last Minutes Defensive
Center Left Wing Right Wing Defense Defense
Shane Pinto Frederick Gaudreau Michael McCarron Alex Vlasic Michael Anderson
Goaltenders
Starting : Joseph Woll
Backup : Lukas Dostal
Extra Forwards
Normal : Nikolaj Ehlers, Shane Pinto, Will Smith - PP : Nikolaj Ehlers, Will Smith - PK : Matthew Knies
Extra Defensemen
Normal : Brock Faber, Jake Middleton, Alex Vlasic - PP : Jake Middleton - PK : Jake Middleton, Brock Faber
Penalty Shots
Alex DeBrincat, Connor McDavid, Matt Duchene, Frederick Gaudreau, Rickard Rakell
Scratches
Collin Graf (Healthy)
Los Angeles Kings
5 vs 5 Forward
Center Left Wing Right Wing Time % Phy DF OF
1 Seth Jarvis Matthew Boldy Andrei Svechnikov 30 1 2 2
2 Joseph Veleno Logan Cooley Morgan Geekie 30 1 2 2
3 Jansen Harkins Andrei Kuzmenko Vitali Kravtsov 25 1 2 2
4 Mikey Eyssimont Evander Kane Cooper Marody 15 1 2 2
5 vs 5 Defense
Defense Defense Time % Phy DF OF
1 MacKenzie Weegar K'Andre Miller 35 1 2 2
2 Charlie McAvoy Ryan Suter 35 1 2 2
3 Alexander Romanov Owen Power 30 1 2 2
4 MacKenzie Weegar K'Andre Miller 0 1 2 2
PowerPlay Forward
Center Left Wing Right Wing Time % Phy DF OF
1 Seth Jarvis Matthew Boldy Andrei Svechnikov 50 1 2 2
2 Andrei Kuzmenko Logan Cooley Morgan Geekie 50 1 2 2
PowerPlay Defense
Defense Defense Time % Phy DF OF
1 MacKenzie Weegar K'Andre Miller 50 1 2 2
2 Alexander Romanov Ryan Suter 50 1 2 2
Penalty Kill 4 Players Forward
Center Wing Time % Phy DF OF
1 Logan Cooley Matthew Boldy 50 1 2 2
2 Andrei Svechnikov Seth Jarvis 50 1 2 2
Penalty Kill 4 Players Defense
Defense Defense Time % Phy DF OF
1 MacKenzie Weegar K'Andre Miller 50 1 2 2
2 Owen Power Ryan Suter 50 1 2 2
Penalty Kill - 3 Players Forward
Forward Time % Phy DF OF
1 Andrei Svechnikov 50 1 2 2
2 Matthew Boldy 50 1 2 2
Penalty Kill - 3 Players Defense
Defense Defense Time % Phy DF OF
1 MacKenzie Weegar K'Andre Miller 50 1 2 2
2 Owen Power Ryan Suter 50 1 2 2
4 vs 4 Forward
Center Wing Time % Phy DF OF
1 Andrei Kuzmenko Matthew Boldy 50 1 2 2
2 Andrei Svechnikov Logan Cooley 50 1 2 2
4 vs 4 Defense
Defense Defense Time % Phy DF OF
1 MacKenzie Weegar K'Andre Miller 50 1 2 2
2 Alexander Romanov Ryan Suter 50 1 2 2
Last Minutes Offensive
Center Left Wing Right Wing Defense Defense
Seth Jarvis Matthew Boldy Andrei Svechnikov MacKenzie Weegar K'Andre Miller
Last Minutes Defensive
Center Left Wing Right Wing Defense Defense
Seth Jarvis Matthew Boldy Andrei Svechnikov MacKenzie Weegar K'Andre Miller
Goaltenders
Starting : Carl Lindbom
Backup : Andrei Vasilevskiy
Extra Forwards
Normal : Andrei Kuzmenko, Jansen Harkins, Andrei Svechnikov - PP : Andrei Kuzmenko, Jansen Harkins - PK : Matthew Boldy
Extra Defensemen
Normal : Alexander Romanov, Owen Power, K'Andre Miller - PP : Alexander Romanov - PK : Owen Power, MacKenzie Weegar
Penalty Shots
Jansen Harkins, Matthew Boldy, Andrei Svechnikov, Seth Jarvis, Logan Cooley
Scratches
Jakub Zboril (Healthy), Alex Gallant (Healthy)
% Time on Ice - Quebec Nordiques
Lines # - Real PCT - Wanted PCT - Time Play
Normal Forward
1 - 31% - 30% - 13:56
2 - 31% - 30% - 13:31
3 - 25% - 25% - 10:56
4 - 13% - 15% - 5:51
Normal Defense
1 - 27% - 30% - 11:51
2 - 35% - 30% - 15:42
3 - 26% - 25% - 11:30
4 - 12% - 15% - 5:11
PP Forward
1 - 47% - 60% - 2:45
2 - 53% - 40% - 3:06
PP Defense
1 - 64% - 60% - 3:44
2 - 36% - 40% - 2:07
PK Forward
1 - 48% - 50% - 4:47
2 - 52% - 50% - 5:08
PK Defense
1 - 42% - 50% - 4:07
2 - 58% - 50% - 5:48
PK3 Forward
1 - 0% - 50%
2 - 0% - 50%
PK3 Defense
1 - 0% - 50%
2 - 0% - 50%
44 Forward
1 - 0% - 50%
2 - 0% - 50%
44 Defense
1 - 0% - 50%
2 - 0% - 50%
Last Minute Offensive - 0:00
Last Minute Defensive - 0:00
Total
Forward - 60:00
Defense - 60:00
|
% Time on Ice - Los Angeles Kings
Lines # - Real PCT - Wanted PCT - Time Play
Normal Forward
1 - 29% - 30% - 12:40
2 - 29% - 30% - 12:38
3 - 23% - 25% - 10:12
4 - 20% - 15% - 8:44
Normal Defense
1 - 36% - 35% - 15:46
2 - 35% - 35% - 15:39
3 - 29% - 30% - 12:49
4 - 0% - 0% - 0:00
PP Forward
1 - 49% - 50% - 4:54
2 - 51% - 50% - 5:01
PP Defense
1 - 49% - 50% - 4:51
2 - 51% - 50% - 5:04
PK Forward
1 - 35% - 50% - 2:02
2 - 65% - 50% - 3:49
PK Defense
1 - 76% - 50% - 4:27
2 - 24% - 50% - 1:24
PK3 Forward
1 - 0% - 50%
2 - 0% - 50%
PK3 Defense
1 - 0% - 50%
2 - 0% - 50%
44 Forward
1 - 0% - 50%
2 - 0% - 50%
44 Defense
1 - 0% - 50%
2 - 0% - 50%
Last Minute Offensive - 0:00
Last Minute Defensive - 0:00
Total
Forward - 60:00
Defense - 60:00
|
Play-by-Play
1st period
0:01 of 1st period - Rickard Rakell wins face-off versus Seth Jarvis in neutral zone.
0:06 of 1st period - Slapshot by Connor McDavid.
0:06 of 1st period - Deflect By Alex DeBrincat.
0:06 of 1st period - Shot Misses the Net.
0:06 of 1st period - Puck is out of play.
0:07 of 1st period - Seth Jarvis wins face-off versus Connor McDavid in Los Angeles Kings zone.
0:44 of 1st period - Wrist shot by Connor McDavid.
0:44 of 1st period - Shot Blocked by MacKenzie Weegar.
0:46 of 1st period - Slapshot by Brock Faber.
0:46 of 1st period - Deflect By Rickard Rakell.
0:46 of 1st period - Shot Blocked by K'Andre Miller.
0:46 of 1st period - Puck is out of play.
0:47 of 1st period - Marco Rossi wins face-off versus Joseph Veleno in Los Angeles Kings zone.
0:58 of 1st period - Wrist shot by Matthew Knies.
0:58 of 1st period - Stopped by Carl Lindbom with a rebound.
1:00 of 1st period - Slapshot by Nikita Zadorov.
1:00 of 1st period - Stopped by Carl Lindbom without a rebound.
1:01 of 1st period - Jansen Harkins wins face-off versus Shane Pinto in Los Angeles Kings zone.
1:26 of 1st period - Cooper Marody is hit by Frederick Gaudreau and loses puck.
1:35 of 1st period - Wrist shot by Connor Brown.
1:35 of 1st period - Stopped by Carl Lindbom without a rebound.
1:36 of 1st period - Joseph Veleno wins face-off versus Marco Rossi in Los Angeles Kings zone.
2:42 of 1st period - Wrist shot by Matthew Boldy.
2:42 of 1st period - Shot Misses the Net.
3:42 of 1st period - Slapshot by Connor Brown.
3:42 of 1st period - Deflect By Frederick Gaudreau.
3:42 of 1st period - Stopped by Carl Lindbom with a rebound.
3:57 of 1st period - Icing by Connor Brown.
3:58 of 1st period - Seth Jarvis wins face-off versus Connor McDavid in Quebec Nordiques zone.
4:56 of 1st period - Wrist shot by Evander Kane.
4:56 of 1st period - Goal by Evander Kane - Quebec Nordiques : 0 - Los Angeles Kings : 1.
4:57 of 1st period - Marco Rossi wins face-off versus Morgan Geekie in neutral zone.
5:43 of 1st period - Snap shot by Connor McDavid.
5:43 of 1st period - Shot Misses the Net.
5:45 of 1st period - Wrist shot by Rickard Rakell.
5:45 of 1st period - Stopped by Carl Lindbom with a rebound.
6:54 of 1st period - Wrist shot by Andrei Kuzmenko.
6:54 of 1st period - Stopped by Joseph Woll with a rebound.
7:06 of 1st period - Snap shot by Connor McDavid.
7:06 of 1st period - Shot Misses the Net.
7:41 of 1st period - Icing by Evander Kane.
7:42 of 1st period - Joseph Veleno wins face-off versus Shane Pinto in Los Angeles Kings zone.
7:52 of 1st period - Icing by Michael Anderson.
7:53 of 1st period - Joseph Veleno wins face-off versus Shane Pinto in Quebec Nordiques zone.
8:02 of 1st period - Slapshot by Morgan Geekie.
8:02 of 1st period - Deflect By Logan Cooley.
8:02 of 1st period - Stopped by Joseph Woll with a rebound.
8:08 of 1st period - Snap shot by Will Smith.
8:08 of 1st period - Shot Misses the Net.
8:30 of 1st period - Snap shot by Will Smith.
8:30 of 1st period - Shot Blocked by K'Andre Miller.
8:32 of 1st period - Wrist shot by Nikolaj Ehlers.
8:32 of 1st period - Stopped by Carl Lindbom with a rebound.
8:38 of 1st period - Slapshot by Nikolaj Ehlers.
8:38 of 1st period - Stopped by Carl Lindbom with a rebound.
8:40 of 1st period - Wrist shot by Will Smith.
8:40 of 1st period - Stopped by Carl Lindbom with a rebound.
8:42 of 1st period - Slapshot by Nikita Zadorov.
8:42 of 1st period - Stopped by Carl Lindbom with a rebound.
8:44 of 1st period - Slapshot by Nikita Zadorov.
8:44 of 1st period - Stopped by Carl Lindbom without a rebound.
8:45 of 1st period - Jansen Harkins wins face-off versus Marco Rossi in Los Angeles Kings zone.
9:00 of 1st period - Snap shot by Jansen Harkins.
9:00 of 1st period - Shot Hit the Post.
9:24 of 1st period - Owen Power is hit by Jake Middleton and loses puck.
9:45 of 1st period - Evander Kane is hit by Frederick Gaudreau and loses puck.
10:27 of 1st period - Icing by MacKenzie Weegar.
10:28 of 1st period - Joseph Veleno wins face-off versus Shane Pinto in Los Angeles Kings zone.
10:28 of 1st period - Joseph Veleno is hit by Nikolaj Ehlers.
10:44 of 1st period - Wrist shot by Morgan Geekie.
10:44 of 1st period - Shot Blocked by Brock Faber.
10:46 of 1st period - Slapshot by K'Andre Miller.
10:46 of 1st period - Stopped by Joseph Woll with a rebound.
10:48 of 1st period - Slapshot by Logan Cooley.
10:48 of 1st period - Stopped by Joseph Woll with a rebound.
10:50 of 1st period - Slapshot by Joseph Veleno.
10:50 of 1st period - Stopped by Joseph Woll without a rebound.
10:51 of 1st period - Marco Rossi wins face-off versus Seth Jarvis in Quebec Nordiques zone.
10:53 of 1st period - Minor Penalty to Nikita Zadorov for Hooking.
10:54 of 1st period - Shane Pinto wins face-off versus Seth Jarvis in Quebec Nordiques zone.
11:20 of 1st period - Logan Cooley is hit by Alex Vlasic and loses puck.
12:53 of 1st period - Penalty to Nikita Zadorov is over, Nikita Zadorov is back on ice.
13:03 of 1st period - Backhand shot by Matthew Knies.
13:03 of 1st period - Stopped by Carl Lindbom without a rebound.
13:04 of 1st period - Connor McDavid wins face-off versus Mikey Eyssimont in Los Angeles Kings zone.
13:24 of 1st period - Nikita Zadorov beats up Evander Kane.
13:24 of 1st period - Penalty to Evander Kane for Fighting.
13:24 of 1st period - Penalty to Nikita Zadorov for Fighting.
13:25 of 1st period - Marco Rossi wins face-off versus Seth Jarvis in neutral zone.
13:28 of 1st period - Seth Jarvis is hit by Brock Faber and loses puck.
13:33 of 1st period - Slapshot by Matthew Knies.
13:33 of 1st period - Stopped by Carl Lindbom with a rebound.
13:35 of 1st period - Wrist shot by Matthew Knies.
13:35 of 1st period - Shot Misses the Net.
13:37 of 1st period - Snap shot by Marco Rossi.
13:37 of 1st period - Stopped by Carl Lindbom without a rebound.
13:38 of 1st period - Marco Rossi wins face-off versus Seth Jarvis in Los Angeles Kings zone.
13:53 of 1st period - Slapshot by Matthew Boldy.
13:53 of 1st period - Stopped by Joseph Woll without a rebound.
13:54 of 1st period - Connor McDavid wins face-off versus Jansen Harkins in Quebec Nordiques zone.
14:27 of 1st period - Snap shot by Andrei Svechnikov.
14:27 of 1st period - Shot Misses the Net.
14:48 of 1st period - Snap shot by Logan Cooley.
14:48 of 1st period - Shot Blocked by Alex Vlasic.
15:00 of 1st period - Minor Penalty to Michael McCarron for Cross-checking.
15:01 of 1st period - Andrei Kuzmenko wins face-off versus Matthew Knies in Quebec Nordiques zone.
17:00 of 1st period - Penalty to Michael McCarron is over, Michael McCarron is back on ice.
17:35 of 1st period - Connor Brown is hit by K'Andre Miller and loses puck.
18:11 of 1st period - Michael McCarron is hit by Cooper Marody and loses puck.
18:26 of 1st period - Shane Pinto is hit by Jansen Harkins and loses puck.
18:44 of 1st period - Snap shot by Michael McCarron.
18:44 of 1st period - Goal by Michael McCarron - Quebec Nordiques : 1 - Los Angeles Kings : 1.
18:45 of 1st period - Seth Jarvis wins face-off versus Connor McDavid in neutral zone.
18:58 of 1st period - Wrist shot by Andrei Svechnikov.
18:58 of 1st period - Shot Misses the Net.
19:00 of 1st period - Slapshot by Andrei Svechnikov.
19:00 of 1st period - Shot Hit the Post.
19:02 of 1st period - Wrist shot by Charlie McAvoy.
19:02 of 1st period - Stopped by Joseph Woll without a rebound.
19:03 of 1st period - Marco Rossi wins face-off versus Joseph Veleno in Quebec Nordiques zone.
19:41 of 1st period - Alex DeBrincat is hit by Joseph Veleno and loses puck.
19:58 of 1st period - Backhand shot by Morgan Geekie.
19:58 of 1st period - Stopped by Joseph Woll without a rebound.
19:59 of 1st period - Matthew Knies wins face-off versus Seth Jarvis in Quebec Nordiques zone.
Goals for this period are 1 for Quebec Nordiques vs 1 for Los Angeles Kings.
Shots for this period are 14 for Quebec Nordiques vs 9 for Los Angeles Kings.
2nd period
0:01 of 2nd period - Shane Pinto wins face-off versus Jansen Harkins in neutral zone.
0:10 of 2nd period - Snap shot by Will Smith.
0:10 of 2nd period - Stopped by Carl Lindbom without a rebound.
0:11 of 2nd period - Connor McDavid wins face-off versus Jansen Harkins in Los Angeles Kings zone.
0:14 of 2nd period - Wrist shot by Alex DeBrincat.
0:14 of 2nd period - Stopped by Carl Lindbom without a rebound.
0:15 of 2nd period - Jansen Harkins wins face-off versus Rickard Rakell in Los Angeles Kings zone.
0:28 of 2nd period - Snap shot by Connor McDavid.
0:28 of 2nd period - Stopped by Carl Lindbom without a rebound.
0:29 of 2nd period - Shane Pinto wins face-off versus Seth Jarvis in Los Angeles Kings zone.
0:30 of 2nd period - Wrist shot by Nikolaj Ehlers.
0:30 of 2nd period - Goal by Nikolaj Ehlers - Quebec Nordiques : 2 - Los Angeles Kings : 1.
0:31 of 2nd period - Seth Jarvis wins face-off versus Shane Pinto in neutral zone.
0:34 of 2nd period - Alex Vlasic is hit by Seth Jarvis and loses puck.
0:43 of 2nd period - Seth Jarvis is hit by Shane Pinto and loses puck.
0:56 of 2nd period - Connor McDavid is hit by Andrei Kuzmenko and loses puck.
1:25 of 2nd period - Snap shot by Logan Cooley.
1:25 of 2nd period - Stopped by Joseph Woll with a rebound.
1:27 of 2nd period - Wrist shot by Logan Cooley.
1:27 of 2nd period - Shot Misses the Net.
2:22 of 2nd period - Icing by Rickard Rakell.
2:23 of 2nd period - Connor McDavid wins face-off versus Jansen Harkins in Quebec Nordiques zone.
2:32 of 2nd period - Snap shot by Rickard Rakell.
2:32 of 2nd period - Shot Misses the Net.
2:34 of 2nd period - Slapshot by Brock Faber.
2:34 of 2nd period - Stopped by Carl Lindbom with a rebound.
2:36 of 2nd period - Slapshot by Alex DeBrincat.
2:36 of 2nd period - Goal by Alex DeBrincat - Quebec Nordiques : 3 - Los Angeles Kings : 1.
2:37 of 2nd period - Connor McDavid wins face-off versus Matthew Boldy in neutral zone.
3:24 of 2nd period - Snap shot by Morgan Geekie.
3:24 of 2nd period - Stopped by Joseph Woll with a rebound.
3:26 of 2nd period - Snap shot by K'Andre Miller.
3:26 of 2nd period - Stopped by Joseph Woll without a rebound.
3:27 of 2nd period - Joseph Veleno wins face-off versus Marco Rossi in Quebec Nordiques zone.
3:28 of 2nd period - Wrist shot by Logan Cooley.
3:28 of 2nd period - Stopped by Joseph Woll without a rebound.
3:29 of 2nd period - Joseph Veleno wins face-off versus Connor McDavid in Quebec Nordiques zone.
3:38 of 2nd period - Snap shot by Rickard Rakell.
3:38 of 2nd period - Deflect By Connor McDavid.
3:38 of 2nd period - Shot Misses the Net.
3:38 of 2nd period - Puck is out of play.
3:39 of 2nd period - Connor McDavid wins face-off versus Seth Jarvis in Los Angeles Kings zone.
4:08 of 2nd period - Snap shot by Will Smith.
4:08 of 2nd period - Goal by Will Smith - Quebec Nordiques : 4 - Los Angeles Kings : 1.
4:09 of 2nd period - Seth Jarvis wins face-off versus Will Smith in neutral zone.
4:22 of 2nd period - Wrist shot by Matthew Boldy.
4:22 of 2nd period - Deflect By Seth Jarvis.
4:22 of 2nd period - Shot Blocked by Brock Faber.
4:22 of 2nd period - Puck is out of play.
4:23 of 2nd period - Morgan Geekie wins face-off versus Marco Rossi in Quebec Nordiques zone.
4:26 of 2nd period - Slapshot by Logan Cooley.
4:26 of 2nd period - Shot Misses the Net.
4:32 of 2nd period - Morgan Geekie is hit by Matthew Knies and loses puck.
4:49 of 2nd period - Will Smith is hit by Jansen Harkins and loses puck.
5:19 of 2nd period - Icing by Frederick Gaudreau.
5:20 of 2nd period - Michael McCarron wins face-off versus Joseph Veleno in Quebec Nordiques zone.
5:31 of 2nd period - Slapshot by Morgan Geekie.
5:31 of 2nd period - Deflect By Alex Vlasic.
5:31 of 2nd period - Shot Misses the Net.
5:31 of 2nd period - Puck is out of play.
5:32 of 2nd period - Jansen Harkins wins face-off versus Connor McDavid in Quebec Nordiques zone.
6:01 of 2nd period - Off-side.
6:02 of 2nd period - Marco Rossi wins face-off versus Joseph Veleno in neutral zone.
6:05 of 2nd period - Wrist shot by Matthew Knies.
6:05 of 2nd period - Shot Misses the Net.
6:34 of 2nd period - Minor Penalty to Andrei Svechnikov for Hooking.
6:35 of 2nd period - Logan Cooley wins face-off versus Rickard Rakell in Los Angeles Kings zone.
6:48 of 2nd period - Snap shot by Alex DeBrincat.
6:48 of 2nd period - Shot Misses the Net.
6:50 of 2nd period - Slapshot by Alex Vlasic.
6:50 of 2nd period - Goal by Alex Vlasic - Quebec Nordiques : 5 - Los Angeles Kings : 1.
6:51 of 2nd period - Connor McDavid wins face-off versus Jansen Harkins in neutral zone.
6:56 of 2nd period - Slapshot by Connor McDavid.
6:56 of 2nd period - Shot Misses the Net.
7:06 of 2nd period - Snap shot by Andrei Kuzmenko.
7:06 of 2nd period - Shot Misses the Net.
8:08 of 2nd period - Slapshot by MacKenzie Weegar.
8:08 of 2nd period - Shot Blocked by Nikita Zadorov.
8:10 of 2nd period - Wrist shot by MacKenzie Weegar.
8:10 of 2nd period - Stopped by Joseph Woll without a rebound.
8:11 of 2nd period - Jansen Harkins wins face-off versus Connor McDavid in Quebec Nordiques zone.
8:12 of 2nd period - Slapshot by Andrei Kuzmenko.
8:12 of 2nd period - Stopped by Joseph Woll without a rebound.
8:13 of 2nd period - Jansen Harkins wins face-off versus Connor McDavid in Quebec Nordiques zone.
8:43 of 2nd period - Wrist shot by Matthew Knies.
8:43 of 2nd period - Stopped by Carl Lindbom without a rebound.
8:44 of 2nd period - Marco Rossi wins face-off versus Morgan Geekie in Los Angeles Kings zone.
8:59 of 2nd period - Wrist shot by Morgan Geekie.
8:59 of 2nd period - Shot Misses the Net.
9:06 of 2nd period - Icing by Alex Vlasic.
9:07 of 2nd period - Shane Pinto wins face-off versus Seth Jarvis in Quebec Nordiques zone.
9:12 of 2nd period - Snap shot by Nikolaj Ehlers.
9:12 of 2nd period - Stopped by Carl Lindbom without a rebound.
9:13 of 2nd period - Shane Pinto wins face-off versus Seth Jarvis in Los Angeles Kings zone.
9:16 of 2nd period - Slapshot by Will Smith.
9:16 of 2nd period - Shot Blocked by Andrei Svechnikov.
9:18 of 2nd period - Wrist shot by Will Smith.
9:18 of 2nd period - Stopped by Carl Lindbom with a rebound.
9:20 of 2nd period - Wrist shot by Shane Pinto.
9:20 of 2nd period - Shot Blocked by MacKenzie Weegar.
9:22 of 2nd period - Slapshot by Brock Faber.
9:22 of 2nd period - Shot Misses the Net.
9:24 of 2nd period - Snap shot by Shane Pinto.
9:24 of 2nd period - Deflect By Nikolaj Ehlers.
9:24 of 2nd period - Shot Misses the Net.
9:24 of 2nd period - Puck is out of play.
9:25 of 2nd period - Joseph Veleno wins face-off versus Connor McDavid in Los Angeles Kings zone.
9:51 of 2nd period - Matthew Boldy is hit by Connor Brown and loses puck.
10:00 of 2nd period - Snap shot by Michael McCarron.
10:00 of 2nd period - Stopped by Carl Lindbom without a rebound.
10:01 of 2nd period - Jansen Harkins wins face-off versus Shane Pinto in Los Angeles Kings zone.
10:11 of 2nd period - Slapshot by Alexander Romanov.
10:11 of 2nd period - Stopped by Joseph Woll without a rebound.
10:12 of 2nd period - Connor McDavid wins face-off versus Logan Cooley in Quebec Nordiques zone.
10:12 of 2nd period - Connor McDavid is hit by K'Andre Miller.
10:28 of 2nd period - Slapshot by Alex DeBrincat.
10:28 of 2nd period - Deflect By Connor McDavid.
10:28 of 2nd period - Stopped by Carl Lindbom with a rebound.
10:52 of 2nd period - Snap shot by Andrei Svechnikov.
10:52 of 2nd period - Shot Blocked by Brock Faber.
11:22 of 2nd period - Frederick Gaudreau is hit by Mikey Eyssimont and loses puck.
11:52 of 2nd period - Alexandre Carrier is hit by Morgan Geekie and loses puck.
12:49 of 2nd period - MacKenzie Weegar is hit by Shane Pinto and loses puck.
12:56 of 2nd period - Snap shot by Nikolaj Ehlers.
12:56 of 2nd period - Stopped by Carl Lindbom with a rebound.
13:11 of 2nd period - Minor Penalty to Rickard Rakell for Roughing.
13:12 of 2nd period - Logan Cooley wins face-off versus Shane Pinto in Quebec Nordiques zone.
13:14 of 2nd period - Snap shot by Andrei Kuzmenko.
13:14 of 2nd period - Deflect By Morgan Geekie.
13:14 of 2nd period - Shot Misses the Net.
13:14 of 2nd period - Puck is out of play.
13:15 of 2nd period - Shane Pinto wins face-off versus Andrei Kuzmenko in Quebec Nordiques zone.
13:30 of 2nd period - Snap shot by Morgan Geekie.
13:30 of 2nd period - Shot Misses the Net.
13:40 of 2nd period - Slapshot by Shane Pinto.
13:40 of 2nd period - Shot Misses the Net.
15:11 of 2nd period - Penalty to Rickard Rakell is over, Rickard Rakell is back on ice.
15:14 of 2nd period - Alex DeBrincat is hit by Ryan Suter and loses puck.
15:23 of 2nd period - Wrist shot by Alex DeBrincat.
15:23 of 2nd period - Stopped by Carl Lindbom without a rebound.
15:24 of 2nd period - Connor McDavid wins face-off versus Mikey Eyssimont in Los Angeles Kings zone.
16:28 of 2nd period - Minor Penalty to Andrei Svechnikov for Tripping.
16:29 of 2nd period - Rickard Rakell wins face-off versus Logan Cooley in Los Angeles Kings zone.
16:54 of 2nd period - Seth Jarvis is hit by Matthew Knies and loses puck.
17:42 of 2nd period - Michael Anderson is hit by Ryan Suter and loses puck.
18:28 of 2nd period - Penalty to Andrei Svechnikov is over, Andrei Svechnikov is back on ice.
18:31 of 2nd period - K'Andre Miller is hit by Nikolaj Ehlers and loses puck.
18:50 of 2nd period - Slapshot by Andrei Kuzmenko.
18:50 of 2nd period - Shot Misses the Net.
18:57 of 2nd period - Icing by Jake Middleton.
18:58 of 2nd period - Michael McCarron wins face-off versus Mikey Eyssimont in Quebec Nordiques zone.
19:12 of 2nd period - Wrist shot by Evander Kane.
19:12 of 2nd period - Deflect By Cooper Marody.
19:12 of 2nd period - Stopped by Joseph Woll with a rebound.
19:30 of 2nd period - Jake Middleton is hit by Matthew Boldy and loses puck.
19:37 of 2nd period - Slapshot by Frederick Gaudreau.
19:37 of 2nd period - Deflect By Connor Brown.
19:37 of 2nd period - Shot Misses the Net.
19:37 of 2nd period - Puck is out of play.
19:38 of 2nd period - Joseph Veleno wins face-off versus Connor McDavid in Los Angeles Kings zone.
Goals for this period are 4 for Quebec Nordiques vs 0 for Los Angeles Kings.
Shots for this period are 15 for Quebec Nordiques vs 8 for Los Angeles Kings.
3rd period
0:01 of 3rd period - Marco Rossi wins face-off versus Seth Jarvis in neutral zone.
0:05 of 3rd period - Seth Jarvis and Michael Anderson fight to a draw.
0:05 of 3rd period - Penalty to Seth Jarvis for Fighting.
0:05 of 3rd period - Penalty to Michael Anderson for Fighting.
0:06 of 3rd period - Marco Rossi wins face-off versus Andrei Kuzmenko in Los Angeles Kings zone.
0:07 of 3rd period - Snap shot by Matthew Knies.
0:07 of 3rd period - Deflect By Matt Duchene.
0:07 of 3rd period - Stopped by Carl Lindbom with a rebound.
0:23 of 3rd period - Snap shot by Matthew Boldy.
0:23 of 3rd period - Shot Misses the Net.
0:43 of 3rd period - Snap shot by Evander Kane.
0:43 of 3rd period - Stopped by Joseph Woll without a rebound.
0:44 of 3rd period - Joseph Veleno wins face-off versus Connor McDavid in Quebec Nordiques zone.
0:45 of 3rd period - Slapshot by Logan Cooley.
0:45 of 3rd period - Shot Misses the Net.
0:50 of 3rd period - Jake Middleton beats up Morgan Geekie.
0:50 of 3rd period - Penalty to Morgan Geekie for Fighting.
0:50 of 3rd period - Penalty to Jake Middleton for Fighting.
0:51 of 3rd period - Jansen Harkins wins face-off versus Connor McDavid in neutral zone.
1:17 of 3rd period - Icing by Connor McDavid.
1:18 of 3rd period - Shane Pinto wins face-off versus Joseph Veleno in Quebec Nordiques zone.
1:18 of 3rd period - Shane Pinto is hit by Joseph Veleno.
1:24 of 3rd period - Andrei Svechnikov is hit by Nikolaj Ehlers.
1:34 of 3rd period - Wrist shot by Logan Cooley.
1:34 of 3rd period - Shot Misses the Net.
1:36 of 3rd period - Slapshot by Logan Cooley.
1:36 of 3rd period - Stopped by Joseph Woll without a rebound.
1:37 of 3rd period - Alex DeBrincat wins face-off versus Jansen Harkins in Quebec Nordiques zone.
1:50 of 3rd period - Wrist shot by Andrei Kuzmenko.
1:50 of 3rd period - Shot Misses the Net.
2:24 of 3rd period - Wrist shot by Michael McCarron.
2:24 of 3rd period - Shot Misses the Net.
2:46 of 3rd period - Wrist shot by Logan Cooley.
2:46 of 3rd period - Stopped by Joseph Woll with a rebound.
2:48 of 3rd period - Slapshot by Matthew Boldy.
2:48 of 3rd period - Stopped by Joseph Woll with a rebound.
2:50 of 3rd period - Snap shot by Matthew Boldy.
2:50 of 3rd period - Deflect By Andrei Svechnikov.
2:50 of 3rd period - Stopped by Joseph Woll without a rebound.
2:51 of 3rd period - Nikolaj Ehlers wins face-off versus Jansen Harkins in Quebec Nordiques zone.
3:00 of 3rd period - Slapshot by Nikolaj Ehlers.
3:00 of 3rd period - Shot Misses the Net.
3:02 of 3rd period - Snap shot by Nikita Zadorov.
3:02 of 3rd period - Stopped by Carl Lindbom without a rebound.
3:03 of 3rd period - Marco Rossi wins face-off versus Jansen Harkins in Los Angeles Kings zone.
3:15 of 3rd period - MacKenzie Weegar beats up Marco Rossi.
3:15 of 3rd period - Penalty to MacKenzie Weegar for Fighting.
3:15 of 3rd period - Penalty to Marco Rossi for Fighting.
3:15 of 3rd period - Penalty to MacKenzie Weegar for instigated a fight.
3:15 of 3rd period - Penalty to MacKenzie Weegar for instigated a fight.
3:16 of 3rd period - Connor McDavid wins face-off versus Logan Cooley in Quebec Nordiques zone.
3:42 of 3rd period - Owen Power is hit by Matthew Knies and loses puck.
4:12 of 3rd period - Snap shot by Andrei Svechnikov.
4:12 of 3rd period - Shot Misses the Net.
5:05 of 3rd period - Penalty to Seth Jarvis is over, Seth Jarvis is back on ice.
5:15 of 3rd period - Penalty to MacKenzie Weegar is over, Logan Cooley is send on ice.
5:15 of 3rd period - Icing by Connor McDavid.
5:16 of 3rd period - Mikey Eyssimont wins face-off versus Connor McDavid in Quebec Nordiques zone.
5:39 of 3rd period - Slapshot by Evander Kane.
5:39 of 3rd period - Shot Misses the Net.
5:41 of 3rd period - Minor Penalty to Alex Vlasic for Tripping.
5:42 of 3rd period - Andrei Kuzmenko wins face-off versus Shane Pinto in Quebec Nordiques zone.
5:50 of 3rd period - Penalty to Jake Middleton is over, Jake Middleton is back on ice.
5:53 of 3rd period - Wrist shot by Logan Cooley.
5:53 of 3rd period - Shot Misses the Net.
5:55 of 3rd period - Backhand shot by Alexander Romanov.
5:55 of 3rd period - Shot Misses the Net.
5:57 of 3rd period - Snap shot by Jansen Harkins.
5:57 of 3rd period - Stopped by Joseph Woll with a rebound.
7:41 of 3rd period - Penalty to Alex Vlasic is over, Alex Vlasic is back on ice.
7:52 of 3rd period - Alex DeBrincat is hit by Mikey Eyssimont and loses puck.
7:59 of 3rd period - Backhand shot by Rickard Rakell.
7:59 of 3rd period - Goal by Rickard Rakell - Quebec Nordiques : 6 - Los Angeles Kings : 1.
8:00 of 3rd period - Matt Duchene wins face-off versus Seth Jarvis in neutral zone.
8:07 of 3rd period - Wrist shot by Matt Duchene.
8:07 of 3rd period - Shot Hit the Post.
8:17 of 3rd period - Wrist shot by Matthew Boldy.
8:17 of 3rd period - Shot Blocked by Matt Duchene.
8:31 of 3rd period - Off-side.
8:32 of 3rd period - Connor McDavid wins face-off versus Joseph Veleno in neutral zone.
9:31 of 3rd period - Charlie McAvoy is hit by Nikolaj Ehlers.
9:37 of 3rd period - Ryan Suter is hit by Nikita Zadorov and loses puck.
9:49 of 3rd period - Slapshot by Charlie McAvoy.
9:49 of 3rd period - Shot Misses the Net.
9:51 of 3rd period - Wrist shot by Charlie McAvoy.
9:51 of 3rd period - Shot Misses the Net.
9:53 of 3rd period - Slapshot by Ryan Suter.
9:53 of 3rd period - Shot Blocked by Nikolaj Ehlers.
9:55 of 3rd period - Snap shot by Jansen Harkins.
9:55 of 3rd period - Shot Blocked by Nikita Zadorov.
9:57 of 3rd period - Snap shot by Ryan Suter.
9:57 of 3rd period - Shot Misses the Net.
9:59 of 3rd period - Wrist shot by Ryan Suter.
9:59 of 3rd period - Deflect By Andrei Kuzmenko.
9:59 of 3rd period - Stopped by Joseph Woll without a rebound.
10:00 of 3rd period - Joseph Veleno wins face-off versus Marco Rossi in Quebec Nordiques zone.
10:11 of 3rd period - Snap shot by Morgan Geekie.
10:11 of 3rd period - Stopped by Joseph Woll without a rebound.
10:12 of 3rd period - Connor McDavid wins face-off versus Joseph Veleno in Quebec Nordiques zone.
10:39 of 3rd period - Matt Duchene is hit by Matthew Boldy and loses puck.
10:52 of 3rd period - Marco Rossi is hit by Seth Jarvis and loses puck.
11:11 of 3rd period - Brock Faber is hit by Mikey Eyssimont and loses puck.
12:15 of 3rd period - Wrist shot by Marco Rossi.
12:15 of 3rd period - Shot Misses the Net.
12:27 of 3rd period - Nikolaj Ehlers is hit by K'Andre Miller and loses puck.
12:36 of 3rd period - Slapshot by Jansen Harkins.
12:36 of 3rd period - Stopped by Joseph Woll with a rebound.
12:38 of 3rd period - Snap shot by Owen Power.
12:38 of 3rd period - Deflect By Andrei Kuzmenko.
12:38 of 3rd period - Shot Misses the Net.
12:38 of 3rd period - Puck is out of play.
12:39 of 3rd period - Seth Jarvis wins face-off versus Connor McDavid in Quebec Nordiques zone.
12:48 of 3rd period - Wrist shot by Alex DeBrincat.
12:48 of 3rd period - Shot Blocked by Seth Jarvis.
12:50 of 3rd period - Snap shot by Alex DeBrincat.
12:50 of 3rd period - Quebec Nordiques goal is going for a video replay.
12:50 of 3rd period - The goal is refused. The puck has been directed, batted or thrown into the net by an attacking player other than with a stick..
12:51 of 3rd period - Joseph Veleno wins face-off versus Connor McDavid in Los Angeles Kings zone.
13:06 of 3rd period - Wrist shot by Logan Cooley.
13:06 of 3rd period - Deflect By Morgan Geekie.
13:06 of 3rd period - Shot Misses the Net.
13:06 of 3rd period - Puck is out of play.
13:07 of 3rd period - Marco Rossi wins face-off versus Seth Jarvis in Quebec Nordiques zone.
13:12 of 3rd period - Slapshot by Alex Vlasic.
13:12 of 3rd period - Stopped by Carl Lindbom without a rebound.
13:13 of 3rd period - Matthew Knies wins face-off versus Seth Jarvis in Los Angeles Kings zone.
13:42 of 3rd period - Wrist shot by Logan Cooley.
13:42 of 3rd period - Stopped by Joseph Woll without a rebound.
13:43 of 3rd period - Connor McDavid wins face-off versus Joseph Veleno in Quebec Nordiques zone.
13:51 of 3rd period - Morgan Geekie and Nikita Zadorov fight to a draw.
13:51 of 3rd period - Penalty to Morgan Geekie for Fighting.
13:51 of 3rd period - Penalty to Nikita Zadorov for Fighting.
13:51 of 3rd period - Penalty to Nikita Zadorov for instigated a fight.
13:51 of 3rd period - Penalty to Nikita Zadorov for instigated a fight.
13:52 of 3rd period - Seth Jarvis wins face-off versus Shane Pinto in Los Angeles Kings zone.
14:01 of 3rd period - Snap shot by Seth Jarvis.
14:01 of 3rd period - Shot Misses the Net.
14:03 of 3rd period - Snap shot by Seth Jarvis.
14:03 of 3rd period - Shot Misses the Net.
14:08 of 3rd period - Slapshot by Ryan Suter.
14:08 of 3rd period - Shot Blocked by Alex Vlasic.
14:18 of 3rd period - Ryan Suter is hit by Michael McCarron and loses puck.
15:24 of 3rd period - Icing by Matthew Boldy.
15:25 of 3rd period - Shane Pinto wins face-off versus Andrei Kuzmenko in Los Angeles Kings zone.
15:51 of 3rd period - Penalty to Nikita Zadorov is over, Matthew Knies is send on ice.
15:58 of 3rd period - Alexandre Carrier is hit by Cooper Marody and loses puck.
16:07 of 3rd period - Connor McDavid is hit by Evander Kane and loses puck.
16:18 of 3rd period - Brock Faber is hit by Jansen Harkins.
16:44 of 3rd period - Jake Middleton is hit by Evander Kane and loses puck.
17:17 of 3rd period - Jansen Harkins is hit by Nikolaj Ehlers and loses puck.
17:47 of 3rd period - Minor Penalty to Andrei Svechnikov for Holding.
17:48 of 3rd period - Logan Cooley wins face-off versus Connor McDavid in Los Angeles Kings zone.
18:03 of 3rd period - Wrist shot by Brock Faber.
18:03 of 3rd period - Shot Misses the Net.
18:05 of 3rd period - Slapshot by Brock Faber.
18:05 of 3rd period - Shot Misses the Net.
18:15 of 3rd period - 10 Minutes Misconduct Penalty to MacKenzie Weegar is over.
18:28 of 3rd period - Icing by Matt Duchene.
18:29 of 3rd period - Logan Cooley wins face-off versus Marco Rossi in Quebec Nordiques zone.
18:51 of 3rd period - Penalty to Morgan Geekie is over, Morgan Geekie is back on ice.
19:16 of 3rd period - Snap shot by Marco Rossi.
19:16 of 3rd period - Shot Misses the Net.
19:18 of 3rd period - Wrist shot by Matt Duchene.
19:18 of 3rd period - Stopped by Carl Lindbom with a rebound.
19:20 of 3rd period - Snap shot by Matt Duchene.
19:20 of 3rd period - Deflect By K'Andre Miller.
19:20 of 3rd period - Shot Blocked by K'Andre Miller.
19:20 of 3rd period - Puck is out of play.
19:21 of 3rd period - Connor McDavid wins face-off versus Seth Jarvis in Los Angeles Kings zone.
19:22 of 3rd period - Slapshot by Rickard Rakell.
19:22 of 3rd period - Shot Misses the Net.
19:24 of 3rd period - Slapshot by Michael Anderson.
19:24 of 3rd period - Deflect By Seth Jarvis.
19:24 of 3rd period - Goal by Michael Anderson - Quebec Nordiques : 7 - Los Angeles Kings : 1.
19:25 of 3rd period - Connor McDavid wins face-off versus Jansen Harkins in neutral zone.
19:52 of 3rd period - Evander Kane is hit by Shane Pinto.
Goals for this period are 2 for Quebec Nordiques vs 0 for Los Angeles Kings.
Shots for this period are 7 for Quebec Nordiques vs 10 for Los Angeles Kings.
Back to the Top